 Dungeon Crawl Stone Soup version 0.27-a0-1595-g0b823d0a13 (webtiles) character file.

Game seed: 17426884069462907302

52 mandarbmax the Poker (level 3, -2/27 HPs)
             Began as a Merfolk Gladiator on July 21, 2021.
             Killed by nerve-wracking pain
             ... invoked by Jessica
              (12 damage)
             ... on level 2 of the Dungeon.
             The game lasted 00:01:58 (1211 turns).

mandarbmax the Poker (Merfolk Gladiator)            Turns: 1211, Time: 00:01:58

Health: -2/27      AC:  4    Str: 15    XL:     3   Next: 85%
Magic:  3/3        EV: 13    Int: 13    God:
Gold:   50         SH:  5    Dex: 15    Spells: 2/2 levels left

rFire    . . .     SeeInvis .   a - +0 trident
rCold    . . .     Faith    .   (no shield)
rNeg     . . .     Spirit   .   b - +0 leather armour
rPois    .         Reflect  +   c - +0 helmet
rElec    .         Harm     .   (no cloak)
rCorr    .         Rampage  .   (no gloves)
Will     .....                  (no boots)
Stlth    +.........             j - amulet of reflection
HPRegen  0.09/turn              h - +6 ring of intelligence
MPRegen  0.08/turn              (no ring)

@: slowed, very slow
A: (nimble swimmer 2), mertail
a: no special abilities


You were on level 2 of the Dungeon.
You visited 1 branch of the dungeon, and saw 2 of its levels.

You collected 50 gold pieces.

Inventory:

Hand Weapons
 a - a +0 trident (weapon)
Missiles
 d - 3 throwing nets (quivered)
Armour
 b - a +0 leather armour (worn)
 c - a +0 helmet (worn)
 e - a +0 plate armour
Jewellery
 h - a +6 ring of intelligence (left hand)
 i - a ring of fire
 j - an amulet of reflection (around neck)
Scrolls
 f - a scroll of teleportation {unknown}
 g - a scroll of identify {unknown}
Potions
 k - a potion of brilliance {unknown}


   Skills:
 - Level 2.1 Fighting
 + Level 6.8 Polearms
 - Level 2.0 Throwing
 - Level 4.0 Dodging


You had 2 spell levels left.
You didn't know any spells.
Your spell library was empty.

Dungeon Overview and Level Annotations

Branches:
Dungeon (2/15)

Altars:

Shops:
D:2 (

Annotations:
D:2 Jessica


Innate Abilities, Weirdness & Mutations

((You are quick and stealthy near water. (Stealth+, EV+, Speed+++)))
Your lower body shifts to a powerful aquatic tail in water.


Message History

The goblin shouts!
You hear a shout!
You hit the goblin.
The goblin is heavily wounded.
Jessica the Apprentice Sorceress comes into view.
She is wielding a +0 club.
The goblin barely misses you.
You closely miss the goblin.
The goblin is heavily wounded.
The goblin barely misses you.
You barely miss the goblin.
The goblin is heavily wounded.
The goblin barely misses you.
You puncture the goblin!
You kill the goblin!
Jessica casts a spell at you. Pain shoots through your body!
You reach to attack!
You hit Jessica.
Jessica is lightly wounded.
You barely miss Jessica.
Jessica is lightly wounded.
Jessica gestures at you while chanting.
You feel yourself slow down.
You barely miss Jessica.
Jessica is lightly wounded.
Jessica hits you with a +0 club.
You are too injured to fight recklessly!
You are too injured to fight recklessly!
You are too injured to fight recklessly!
You are too injured to fight recklessly!
You are too injured to fight recklessly!
You are too injured to fight recklessly!
You are too injured to fight recklessly!
You are too injured to fight recklessly!
Jessica is nearby!
Unknown command.
You hit Jessica.
Jessica is moderately wounded.
Jessica closely misses you. Jessica gestures at you while chanting.
Pain shoots through your body!
You die...

###############
#..........†..####
#.###########..†..
########.# ######
.........#
#######.@# #
#.@.)....# #
#..####.## # .....
# ###..# # #..#
###### #..# ......
#.. ...... #####.


You could see Jessica.

Vanquished Creatures
  2 dart slugs
  6 ball pythons
  An endoplasm (D:1)
  A giant cockroach (D:1)
  4 goblins
  7 hobgoblins
  8 jackals (D:1)
  A quokka (D:1)
  A bat (D:1)
  A frilled lizard (D:1)
  5 kobolds
  4 rats
41 creatures vanquished.

Notes
Turn   | Place    | Note
-------+----------+-------------------------------------------
     0 | D:1      | mandarbmax the Merfolk Gladiator began the quest for the
                  | Orb.
     0 | D:1      | Reached XP level 1. HP: 16/16 MP: 1/1
    28 | D:1      | Reached skill level 5 in Polearms
    29 | D:1      | Reached XP level 2. HP: 8/22 MP: 2/2
   534 | D:1      | Reached skill level 6 in Polearms
   534 | D:1      | Reached XP level 3. HP: 27/27 MP: 3/3
  1102 | D:2      | Found Mefaott's Weapon Boutique.
  1204 | D:2      | Noticed Jessica
  1211 | D:2      | Killed from afar by Jessica

Illustrated notes

Levels and vault maps discovered:
D:1:      minmay_arrival_arboretum_small, layout_basic, minmay_tetromino_t4
D:2:      layout_loops_ring, serial_shops, shop,
          hellmonk_ecumenical_altar_leap_of_faith, uniq_jessica

Skill      XL: |  1  2 |
---------------+-------+-----
Polearms       | 5 6 |  6.8
Fighting       | |  2.1
Throwing       | |  2.0
Dodging        | |  4.0

Action                   || total
-------------------------++-------
Melee: Trident           ||   128
 Stab: Sleeping          ||     2
Armor: Leather armour    ||    32
Dodge: Dodged            ||    70
Block: Other             ||     6

Table legend: (Time is in decaauts)
 A = Elapsed time spent in this place.
 B = Non-inter-level travel time spent in this place.
 C = Inter-level travel time spent in this place.
 D = Time resting spent in this place.
 E = Time spent auto-exploring this place.
 F = Levels seen in this place.
 G = Mean time per level.
                   A        B        C        D        E       F      G
               +--------+--------+--------+--------+--------+-----+--------+
         Total |   1211 |   1203 |      8 |    183 |    769 |   2 |  605.5 |
       Dungeon |   1211 |   1203 |      8 |    183 |    769 |   2 |  605.5 |
               +--------+--------+--------+--------+--------+-----+--------+

Top non-repeatable levels by time:
     D:1: 1097 daAuts
     D:2: 114 daAuts
